AoeStats
← Xi

Black Forest

510662888Analyzed
3v3 RM · 1d ago on Oct 2, 2026· 76m 55s· 6 players
Game mode
Random Map
Map size
Normal (6 player)
Population
200
Speed
Normal
Resources
Standard
Victory
Conquest
Starting age
Dark Age
Ending age
Imperial Age
RankedLock teamsTeams togetherTeam positionsShared explorationLock speedFull tech treeHidden civsTurbo modeCheats
Victory
Defeat
🇵🇪 Byzantines · Peru
750
+13
🇵🇪 Bulgarians · Peru
742
+13
🇧🇷 Goths · Brazil
697
+15
🇧🇷 Magyars · Brazil
822
-19
🇺🇸 Japanese · United States
672
-13
🇨🇴 Persians · Colombia
561
-9
brunoghizzokonig
1:21 Loom
12:00 Feudal Age
16:22 Castle Age
23:36 Horse Collar
23:51 Double-Bit Axe
30:08 Wheelbarrow
29:37 Heavy Plow
29:31 Town Watch
29:43 Gold Mining
29:45 Stone Mining
30:26 Bow Saw
33:22 Imperial Age
32:44 Hand Cart
32:30 Town Patrol
32:35 Caravan
32:47 Forging
32:37 Scale Mail Armor
32:29 Fletching
32:40 Padded Archer Armor
35:23 Perfusion
35:45 Conscription
35:26 Anarchy
36:43 Chemistry
35:33 Heated Shot
36:47 Two-Man Saw
37:53 Guilds
38:01 Chain Mail Armor
38:22 Iron Casting
37:42 Bodkin Arrow
38:03 Leather Archer Armor
37:16 Man-at-Arms
37:16 Pikeman
37:57 Squires
37:35 Elite Huskarl
37:53 Halberdier
37:54 Long Swordsman
40:58 Blast Furnace
39:59 Bracer
41:10 Two-Handed Swordsman
42:22 Ring Archer Armor
42:33 Champion
53:44 Elite Skirmisher
Xi
1:06 Loom
14:01 Feudal Age
15:30 Wheelbarrow
15:51 Gold Mining
15:49 Double-Bit Axe
23:47 Castle Age
22:11 Stone Mining
23:42 Horse Collar
25:18 Stone Shaft Mining
25:01 Hand Cart
26:09 Heavy Plow
29:39 Elite Skirmisher
30:30 Squires
29:54 Pikeman
32:41 Gold Shaft Mining
32:20 Bow Saw
34:57 Imperial Age
37:03 Chemistry
36:12 Halberdier
38:11 Crop Rotation
39:38 Caravan
40:37 Coinage
44:36 Bombard Tower
45:44 Logistica
46:36 Elite Cataphract
RIP
13:06 Feudal Age
13:48 Double-Bit Axe
13:54 Horse Collar
24:03 Castle Age
24:56 Heavy Plow
25:09 Bow Saw
26:44 Gold Mining
28:11 Gold Shaft Mining
27:27 Stone Mining
28:48 Stone Shaft Mining
37:18 Imperial Age
35:33 Wheelbarrow
35:56 Caravan
36:49 Forging
36:39 Scale Mail Armor
36:44 Scale Barding Armor
38:12 Hand Cart
39:23 Iron Casting
39:04 Chain Mail Armor
39:09 Chain Barding Armor
38:20 Elite Konnik
41:48 Crop Rotation
42:46 Blast Furnace
42:16 Plate Mail Armor
42:22 Plate Barding Armor
42:58 Chemistry
42:41 Conscription
42:18 Stirrups
45:20 Bagains
theilor.taiariol
11:31 Feudal Age
14:52 Double-Bit Axe
16:26 Horse Collar
20:49 Castle Age
20:17 Wheelbarrow
19:27 Loom
19:28 Town Watch
20:24 Wheelbarrow
19:56 Gold Mining
19:56 Stone Mining
22:00 Caravan
22:53 Scale Barding Armor
22:51 Padded Archer Armor
22:42 Fletching
22:54 Scale Mail Armor
26:29 Bow Saw
27:15 Heavy Plow
30:38 Light Cavalry
33:46 Chain Barding Armor
38:20 Imperial Age
37:15 Corvinian Army
39:05 Hand Cart
38:36 Loom
38:36 Town Watch
38:14 Elite Skirmisher
38:22 Cavalier
39:02 Husbandry
38:25 Hussar
39:15 Bloodlines
38:29 Elite Magyar Huszar
39:31 Conscription
39:12 Recurve Bow
40:02 Heavy Cavalry Archer
41:08 Parthian Tactics
41:22 Caravan
41:52 Coinage
42:21 Town Patrol
42:17 Bodkin Arrow
42:38 Leather Archer Armor
42:38 Chain Mail Armor
42:59 Plate Barding Armor
43:55 Bracer
44:26 Ring Archer Armor
43:51 Paladin
47:31 Chemistry
46:51 Ballistics
46:59 Masonry
59:52 Heavy Scorpion
64:00 Capped Ram
65:37 Onager
Renyman III
0:32 Loom
12:54 Feudal Age
14:20 Double-Bit Axe
14:24 Horse Collar
15:47 Wheelbarrow
18:24 Castle Age
17:30 Scale Barding Armor
18:13 Gold Mining
18:15 Stone Mining
21:00 Bow Saw
24:07 Heavy Plow
26:35 Caravan
27:08 Husbandry
29:53 Chain Barding Armor
33:42 Imperial Age
32:01 Hand Cart
34:36 Conscription
38:21 Two-Man Saw
38:09 Bloodlines
39:17 Plate Barding Armor
39:23 Town Watch
40:43 Chemistry
40:04 Ballistics
39:34 Heated Shot
39:26 Cavalier
43:25 Crop Rotation
43:05 Savar
45:50 Guilds
47:04 Masonry
47:10 Forging
47:01 Scale Mail Armor
47:08 Kamandaran
47:32 Heavy Scorpion
48:59 Padded Archer Armor
48:50 Fletching
52:24 Crossbowman
53:11 Thumb Ring
55:43 Architecture
55:35 Leather Archer Armor
55:16 Bodkin Arrow
60:04 Onager
68:43 Elite War Elephant
73:39 Elite Skirmisher
74:56 Light Cavalry
76:26 Town Patrol
FuzzyOctopus7
0:34 Loom
12:05 Feudal Age
13:07 Double-Bit Axe
13:59 Town Watch
20:04 Wheelbarrow
23:46 Castle Age
25:56 Bow Saw
26:59 Hand Cart
27:28 Town Patrol
28:28 Horse Collar
29:23 Caravan
30:01 Fortified Wall
29:42 Guard Tower
33:23 Gold Mining
33:27 Stone Mining
38:31 Imperial Age
37:57 Gold Shaft Mining
39:27 Elite Samurai
40:32 Kataparuto
41:33 Two-Man Saw
41:46 Chemistry
41:21 Keep
Connection lost

Rejoining the realm…

Still unreachable

The connection could not be restored.

Session expired

The server has moved on; the page needs a fresh start.